Unix NetHack Version 3.7.0-94 Work-in-progress - last build Dec 13 2023 01:40:03 (eb5afe49d650b6f5c6196fad733e3b2b9fb6c025,branch:master). Game began 2023-12-16 22:02:00, ended 2023-12-17 17:56:08. Arasaka, chaotic male orcish Rogue ------- |.....| |...(.+ ----- |..<..| ####....| ----- ----|-- --------------- # |...| ##....| ## |.............+#####....| # |...| ## #|.............|# |...| ##### |.>.| # #..............|# --[-- # |...| # ------------ ######|...........@H.# ## # ----- --|-+-- # +..........| ## --------------- # # |......## |.....u....-####### # # |.....| # #|..%[......| ## # |...^.|#####-..%.......| -+--%-## |.....| #|....`...... |....|# |....$+ -----+------ ##-...%-# ------- |....| ------ Arasaka the Pilferer St:18/05 Dx:16 Co:17 In:9 Wi:14 Ch:10 Chaotic Dlvl:19 $:195 HP:0(95) Pw:30(30) AC:-6 Xp:11/12564 T:26320 Latest messages: You can see again. That door is closed. The door opens. The priestess of Mog intones: "Pilgrim, you enter a sacred place!" You have a forbidding feeling... What do you want to use or apply? [egmpszFH or ?*] You climb up the stairs. You see here a genetic engineer corpse. The giant bat bites! The giant bat bites! The black blade draws the life from the giant bat! You kill the giant bat! There is a doorway here. You see here a giant bat corpse. The Elvenking wields an elven dagger! The Elvenking thrusts his elven dagger. The Elvenking hits! The Elvenking thrusts his elven dagger. The Elvenking hits again! The black blade draws the life from the Elvenking! The black blade draws the life from the Elvenking! The Elvenking thrusts his elven dagger. The Elvenking hits! The Elvenking thrusts his elven dagger. The Elvenking hits again! The black blade draws the life from the Elvenking! You kill the Elvenking! V - an elven dagger. What do you want to use or apply? [egmpszFH or ?*] You put an elven dagger into the bag of holding. That door is closed. There is a doorway here. You see here a giant bat corpse. The door opens. There is a doorway here. You see here a giant bat corpse. The minotaur hits! The minotaur hits again! The minotaur butts! What do you want to use or apply? [egmpszFH or ?*] In what direction? The minotaur is blinded by the flash! The minotaur turns to flee. The minotaur hits! The minotaur hits again! The minotaur butts! The minotaur hits! The minotaur hits again! You die... Inventory: Coins ('$') $ - 195 gold pieces Weapons (')') b - 13 uncursed +3 daggers (at the ready) a - the uncursed rustproof +4 Stormbringer (weapon in right hand) Armor ('[') A - an uncursed +0 dwarvish iron helm (being worn) j - an uncursed +0 pair of leather gloves (being worn) h - an uncursed +1 pair of high boots (being worn) f - an uncursed +0 shield of reflection (being worn) N - an uncursed fireproof +1 elven cloak (being worn) i - an uncursed +0 dwarvish mithril-coat (being worn) Comestibles ('%') w - an uncursed lizard corpse named tricebane Rings ('=') k - an uncursed ring of warning (on left hand) Wands ('/') H - an uncursed wand of striking (0:5) Tools ('(') z - a blessed greased bag of holding containing 38 items m - an uncursed expensive camera (0:51) e - an uncursed lock pick g - an uncursed tin whistle p - an uncursed towel s - a blessed +0 unicorn horn F - an uncursed +0 unicorn horn Gems/Stones ('*') S - an uncursed luckstone Contents of the bag of holding: 1755 gold pieces a cursed amulet of restful sleep a blessed +1 elven dagger an uncursed +0 aklys an uncursed +0 pair of water walking boots an uncursed +0 Hawaiian shirt with a sea turtle motif 13 uncursed food rations 9 uncursed lumps of royal jelly an uncursed tripe ration an uncursed scroll of blank paper 5 cursed scrolls of blank paper an uncursed scroll of destroy armor an uncursed scroll of enchant weapon an uncursed spellbook of cause fear an uncursed spellbook of identify an uncursed potion of extra healing an uncursed potion of monster detection a potion of holy water an uncursed potion of water an uncursed ring of conflict an uncursed ring of invisibility a cursed ring of polymorph an uncursed ring of sustain ability a cursed ring of teleport control a blessed wand of cold (0:6) an uncursed wand of cold (0:4) a blessed wand of digging (0:7) an uncursed wand of digging (0:6) an uncursed wand of digging (0:3) an uncursed wand of digging (0:2) an uncursed wand of light (0:11) an uncursed wand of sleep (0:5) an uncursed wand of speed monster (0:3) an uncursed wand of striking (0:7) an uncursed wand of undead turning (0:3) an empty uncursed oilskin sack an uncursed +0 pick-axe an uncursed worthless piece of violet glass Arasaka the Rogue's attributes: Background: You were a Pilferer, a level 11 male orcish Rogue. You were chaotic, on a mission for Kos who was opposed by Issek (lawful) and Mog (neutral). You were right-handed. You were in the Dungeons of Doom, on level 19. You entered the dungeon 26320 turns ago. You had 12564 experience points, 7436 more were needed to attain level 12. Basics: You had 0 out of 95 hit points. You had all 30 energy points (spell power). Your armor class was -6. Your wallet contained 195 zorkmids, and you had 1755 more stashed away in your pack. Autopickup was on for '$"?' plus thrown, with exceptions. Final Characteristics: Your strength was 18/05 (limit:18/50). Your dexterity was 16 (peak:18, limit:18). Your constitution was 17 (limit:18). Your intelligence was 9 (limit:16). Your wisdom was 14 (limit:16). Your charisma was 10 (limit:16). Final Status: You weren't hungry. You were unencumbered. You were wielding a broadsword. You were skilled in broadsword. Final Attributes: You were piously aligned. You were cold resistant. You were sleep resistant. You were poison resistant. You were level-drain resistant. You were telepathic. You were warned. You had automatic searching. You had infravision. You were stealthy. You were guarded. You were fast. You had reflection. You were lucky. You had extra luck. Bad luck did not time out for you. Good luck did not time out for you. You are dead. Miscellaneous: You disabled loading of bones levels. Total elapsed playing time was 2 hours, 49 minutes and 34 seconds. Major events: Turn 1: Arasaka the chaotic male orcish Rogue entered the dungeon 588: entered the Gnomish Mines 842: attained the rank of Cutpurse (level 3) 3281: attained the rank of Rogue (level 6) 3346: reached Mine Town 8228: was bestowed with Stormbringer by Kos 9562: entered Sokoban 9919: completed 1st Sokoban level 10672: completed 2nd Sokoban level 11147: completed 3rd Sokoban level 12351: completed 4th Sokoban level 12563: acquired the Sokoban amulet of reflection 13228: was bestowed with Ogresmasher by Kos 16017: acquired the Mines' End luckstone 17214: attained the rank of Pilferer (level 10) 20050: entered the Bigroom 23994: made his first wish - "a blessed greased bag of holding", got "a greased bag" 26320: killed by a chameleon imitating a minotaur Vanquished creatures: a stone golem 2 titanotheres a trapper a genetic engineer a clay golem a watch captain a ghost a queen bee a giant mimic an ogre tyrant 2 umber hulks a flesh golem an elven monarch a doppelganger 3 large mimics 2 stalkers a giant zombie 4 wargs a winter wolf 2 small mimics 2 glass piercers 3 xans 2 quantum mechanics 4 trolls 3 wood golems 3 gelatinous cubes a pyrolisk a freezing sphere a flaming sphere 3 shocking spheres a large cat 2 tigers 3 gargoyles 2 dwarf rulers 3 tengu an ochre jelly a leocrotta an elf mummy 3 human mummies 2 pythons 2 pit vipers 2 wraiths a carnivorous ape 4 leather golems 7 Grey-elves 4 watchmen 2 crocodiles 5 giant beetles a quivering blob 7 cockatrices 6 wolves 9 winter wolf cubs 2 lynxes 2 gremlins a spotted jelly 4 leprechauns 2 orc-captains 2 iron piercers 7 giant spiders 2 scorpions an ice vortex a black light 4 vampire bats 3 forest centaurs 5 gnome rulers an orc mummy 2 brown puddings 2 rust monsters 3 owlbears 2 yetis 2 gold golems 4 werewolves a Green-elf 8 lizards 3 dingoes 4 dogs 3 housecats 2 jaguars 2 dwarf leaders 2 white unicorns 3 dust vortices 3 plains centaurs a gnome mummy 4 snakes 4 human zombies 3 rope golems 4 Woodland-elves 5 soldier ants 6 fire ants a bugbear a quasit 2 wood nymphs 2 water nymphs 3 Mordor orcs an Uruk-hai 3 orc shamans a rock piercer 2 rock moles 7 ponies 2 fog clouds 7 yellow lights a shrieker 2 violet fungi 19 gnome leaders 8 gnomish wizards 3 kobold mummies 5 gray oozes a barrow wight 2 elf zombies 6 straw golems 3 paper golems 12 giant ants 2 little dogs 10 floating eyes 19 dwarves 3 homunculi 3 kobold leaders 3 kobold shamans 4 hill orcs 12 rothes 2 rabid rats 4 centipedes 7 giant bats 3 monkeys 6 orc zombies 3 dwarf zombies 4 werejackals 11 iguanas 52 killer bees 2 acid blobs 7 hobbits 10 manes 3 large kobolds 6 hobgoblins 8 giant rats 15 cave spiders 2 brown molds 3 yellow molds 2 green molds 3 red molds 74 gnomes 9 garter snakes a gnome zombie 10 geckos 7 jackals 3 kobolds 3 goblins 16 grid bugs 10 bats 9 lichens 3 kobold zombies 13 newts 692 creatures vanquished. No species were genocided or became extinct. Voluntary challenges: You read items or engraved 38 times. You engraved Elbereth 6 times. You never genocided any monsters. You never polymorphed an object. You never changed form. You used 1 wish. You did not wish for any artifacts. You did not violate any of the special Sokoban rules. Achievements: You entered the Gnomish Mines. You attained the rank of Cutpurse. You entered a shop. You attained the rank of Rogue. You entered Minetown. You entered a temple. You entered Sokoban. You completed Sokoban. You completed the Gnomish Mines. You attained the rank of Pilferer. You entered the Big Room. The Dungeons of Doom: levels 1 to 20 Level 1: A fountain, a sink. Level 2: Level 3: "v" A general store, an altar to Kos, some fountains. Stairs down to The Gnomish Mines. Level 4: "s" Level 5: Level 6: Many fountains. Level 7: A fountain, a sink. Stairs up to Sokoban, level 6. Level 8: An armor shop, a fountain. Level 9: Many fountains. Level 10: A very big room. Level 11: "v" A fountain. Level 12: Summoned by the Master of Thieves. Level 13: Level 14: "master lich below" Some fountains. Level 15: Level 16: A sink. Level 17: A primitive area. Level 18: A grave. Level 19: <- You were here. Final resting place for you, killed by a chameleon imitating a minotaur. Level 20: A temple and an altar. The Gnomish Mines: levels 4 to 12 Level 4: Level 5: Level 6: Some shops, a temple and an altar to Kos, some fountains. Level 7: Level 8: Level 9: Level 10: Level 11: Level 12: A fountain. Sokoban: levels 6 up to 3 Level 3: Solved. Level 4: Solved. Level 5: Solved. Level 6: Solved. Game over: ---------- / \ / REST \ / IN \ / PEACE \ / \ | Arasaka | | 1950 Au | | killed by a | | chameleon | | imitating a | | minotaur | | 2023 | *| * * * | * _________)/\\_//(\/(/\)/\//\/|_)_______ Goodbye Arasaka the Rogue... You died in The Dungeons of Doom on dungeon level 19 with 50551 points, and 1950 pieces of gold, after 26320 moves. You were level 11 with a maximum of 95 hit points when you died.